 Dungeon Crawl Stone Soup version 0.14-a0-3109-ga7442b6 (webtiles) character file.

97 Kae the Sneak (level 3, -3/16 HPs)
             Began as a Spriggan Enchanter on Mar 7, 2014.
             Slain by a worm (12 damage)
             ... on Level 2 of the Dungeon.
             The game lasted 00:02:32 (1957 turns).

Kae the Sneak (Spriggan Enchanter)                  Turns: 1957, Time: 00:02:32

HP  -3/16        AC  3     Str  5      XL: 3   Next: 28%
MP   3/11        EV 18     Int 16      God:
Gold 58          SH  0     Dex 16      Spells:  2 memorised,  5 levels left

rFire  . . .     SeeInvis +     u - -2,-3 dagger (curse)
rCold  . . .     Clarity  .     b - +1 robe
rNeg   + . .     Conserve .     (shield restricted)
rPois  .         rCorr    .     (helmet restricted)
rElec  .         rRot     .     (no cloak)
SustAb . .       Spirit   .     (gloves unavailable)
rMut   .         Warding  .     (boots unavailable)
Saprov . . .     Stasis   .     (no amulet)
MR     .....                    (no ring)
                                k - ring of positive energy

@: very slightly contaminated, very quick, not resistant to hostile
enchantments, quite stealthy
A: unfitting armour, see invisible, herbivore 3, speed 3, slow metabolism 2
a: no special abilities


You were on level 2 of the Dungeon.
You were not hungry.

You visited 1 branch of the dungeon, and saw 2 of its levels.

You collected 58 gold pieces.

Inventory:

Hand weapons
 a - a +1,+1 dagger
 j - a +2,+2 vampiric dagger
 u - a cursed -2,-3 dagger (weapon)
Missiles
 d - 16 darts
 g - 16 steel darts (quivered)
Armour
 b - a +1 robe (worn)
Comestibles
 h - a bread ration
Scrolls
 n - a scroll of magic mapping
Jewellery
 k - a ring of positive energy (left hand)
Potions
 e - a potion of porridge
 f - 3 potions of curing {unknown}
 i - a potion of poison {unknown}
 o - a potion of restore abilities {unknown}
 p - a potion of brilliance {unknown}
 q - a potion of beneficial mutation {unknown}
 s - a potion of might {unknown}
 t - a potion of magic {unknown}
Books
 c - a book of Maledictions

   Spells                             Type                      Level
   *Corona                            Hexes                        1
   Sure Blade                         Hexes/Charms                 2
   *Ensorcelled Hibernation           Hexes/Ice                    2
   Confuse                            Hexes                        3
   Enslavement                        Hexes                        4
   Invisibility                       Hexes                        6


   Skills:
 * Level 1.9 Short Blades
 - Level 1.1 Throwing
 - Level 3.0 Dodging
 * Level 4.5 Stealth
 + Level 3.1 Spellcasting
 + Level 3.9 Hexes


You had 5 spell levels left.
You knew the following spells:

 Your Spells              Type           Power        Failure   Level  Hunger
a - Corona                Hex            ###....      4%          1    #......
b - Ensorcelled Hibernat  Hex/Ice        #.....       14%         2    ##.....


Dungeon Overview and Level Annotations

Branches:
Dungeon (2/16)

Altars:


Innate Abilities, Weirdness & Mutations

You are tiny and cannot use many weapons and most armour.
You have supernaturally acute eyesight.
You are a herbivore.
You cover ground extremely quickly.
You need consume almost no food.


Message History

You hit the worm.
The worm is lightly wounded.
The worm bites you.
Casting: Ensorcelled Hibernation
Confirm with . or Enter, or press ? or * to list all spells.
Aiming: Ensorcelled Hibernation
Press: ? - help, Shift-Dir - straight line, f - worm
Aim: a worm (lightly wounded)
You miscast Ensorcelled Hibernation.
You are very lightly contaminated with residual magic.
Frost spreads across the the floor.
Casting: Ensorcelled Hibernation
Confirm with . or Enter, or press ? or * to list all spells.
Aiming: Ensorcelled Hibernation
Press: ? - help, Shift-Dir - straight line, f/p - worm
Aim: a worm (lightly wounded)
You miscast Ensorcelled Hibernation.
Nothing appears to happen.
The worm bites you!
Ouch! That really hurt!
You die...

#. #.# ..... ###.
#.##....# #... #%...#
#... #....# .# # S..
#....##.#
#.###.#######.#...#.###
..#".....................
.......w.................
........@.$..............
....###########.#.....###
. #.##....### #.##....##.
#.##....##. #.##....#..
#. ####.#.. ..#####.#..
............


You could see a worm.

Vanquished Creatures
  An adder (D:2)
  2 bats (D:1)
  A giant cockroach (D:1)
  2 hobgoblins
  9 jackals (D:1)
  2 giant newts
  2 goblins (D:1)
  4 kobolds (D:1)
  2 quokkas (D:2)
  5 rats
30 creatures vanquished.

Notes
Turn   | Place    | Note
--------------------------------------------------------------
     0 | D:1      | Kae, the Spriggan Enchanter, began the quest for the Orb.
     0 | D:1      | Reached XP level 1. HP: 9/9 MP: 4/4
   701 | D:1      | Reached XP level 2. HP: 4/13 MP: 7/7
   956 | D:1      | Reached skill level 4 in Stealth
  1071 | D:1      | Learned a level 2 spell: Ensorcelled Hibernation
  1910 | D:2      | Reached XP level 3. HP: 13/16 MP: 11/11
  1957 | D:2      | Slain by a worm

Action                   || total
-------------------------++-------
Melee: Dagger            ||   114
 Cast: Corona            ||     4
       Ensorcelled Hiber ||     6
  Use: Scroll            ||     6
 Stab: Sleeping          ||    10
